 Dungeon Crawl Stone Soup version 0.28.0-1-gb440e238dd (webtiles) character file.

Game seed: 16520228930631312498

53 Strat the Skirmisher (level 3, -1/26 HPs)
             Began as an Octopode Wanderer on Feb 21, 2022.
             Slain by a gnoll (10 damage)
             ... on level 2 of the Dungeon.
             The game lasted 00:02:32 (2215 turns).

Strat the Skirmisher (Octopode Wanderer)            Turns: 2215, Time: 00:02:33

Health: -1/26      AC:  1    Str:  7    XL:     3   Next: 89%
Magic:  4/4        EV: 13    Int: 16    God:
Gold:   45         SH:  0    Dex: 15    Spells: 0/4 levels left

rFire   . . .      SeeInvis .   b - +0 dagger (venom)
rCold   . . .      Faith    .   (no shield)
rNeg    . . .      Spirit   .   c - +0 hat
rPois   .          Reflect  .   (no amulet)
rElec   .          Harm     .   (no ring)
rCorr   .          Rampage  .   (no ring)
Will    .....                   (no ring)
Stlth   ++........              (no ring)
HPRegen 0.08/turn               (no ring)
MPRegen 0.09/turn               (no ring)
                                (no ring)
                                (no ring)

@: no status effects
A: almost no armour, amphibious, 8 rings, camouflage 1, gelatinous body 1,
(nimble swimmer 1), tentacles
a: no special abilities


You were on level 2 of the Dungeon.
You visited 1 branch of the dungeon, and saw 2 of its levels.

You collected 45 gold pieces.

Inventory:

Hand Weapons
 a - a +2 quarterstaff
 b - a +0 dagger of venom (weapon)
Armour
 c - a +0 hat (worn)
Magical Staves
 e - a staff of earth
Scrolls
 d - 3 scrolls of identify {unknown}
 f - a scroll of fear {unknown}
 g - a scroll of magic mapping {unknown}


   Skills:
 + Level 3.6 Fighting
 - Level 3.0 Staves
 - Level 2.0 Dodging
 - Level 1.0 Spellcasting
 - Level 3.0 Hexes


You couldn't memorise any spells.
You knew the following spells:

 Your Spells              Type           Power      Damage    Failure   Level
a - Slow                  Hex            40%        N/A       7%          1
b - Tukima's Dance        Hex            10%        N/A       21%         3

Your spell library contained the following spells:

 Spells                   Type           Power      Damage    Failure   Level


Dungeon Overview and Level Annotations

Branches:
Dungeon (2/15)

Altars:


Innate Abilities, Weirdness & Mutations

You cannot wear most types of armour.
You are amphibious.
You can wear up to eight rings at the same time.
Your skin changes colour to match your surroundings (Stealth+).
Your rubbery body absorbs attacks. (AC +1, EV +1)
((You are camouflaged when in or above water. (Stealth+)))
You have tentacles for arms and can constrict up to eight enemies at once.


Message History

The giant cockroach waves its antennae.
The giant cockroach bites you.
You hit the giant cockroach but do no damage.
The giant cockroach is poisoned.
Your grab misses the giant cockroach. The giant cockroach bites you.
You hit the giant cockroach but do no damage.
You grab the giant cockroach. You squeeze the giant cockroach.
You kill the giant cockroach!
No target in view!
No target in view!
No target in view!
HP restored.
g - a scroll labelled NIQOIS VEUMUTZ You now have 45 gold pieces (gained 15).
Things that are here:
a +0 dagger; a +0 chain mail
d - 3 scrolls labelled EPUNTIGGUJ (gained 1)
An adder comes into view.
An adder is nearby!
A dart slug and a giant cockroach come into view.
The dart slug launches a dart at you. The slug dart hits you.
Found a hunting sling. 3 gnolls come into view.
The gnoll shouts! x3
The gnoll barely misses you. The dart slug launches a dart at you.
The slug dart hits you. The dart slug launches a dart at you.
The slug dart misses you.
The slug dart misses the gnoll.
The dart slug launches a dart at you. The slug dart hits you.
* * * LOW HITPOINT WARNING * * *
The dart slug launches a dart at you. The slug dart hits you.
* * * LOW HITPOINT WARNING * * *
You hit the dart slug but do no damage.
The dart slug is poisoned.
You grab the dart slug. You constrict the dart slug.
The gnoll hits you from afar with a +0 halberd!
You die...

.'....#....................
.#...##......#.#......?....
.#...###.###.#.#...........
.#...# #.......#..........B
.#...# ##....###...........
.#...###.......#......?w.S.
......##..###.##...........
#####.##..<....#w##########
##.##..#....#@#
#......#....#.#
#..#####.##.#g#
#.#.........#.#
####.#....#.##.#g#
.....#..#.#....#g#
####....#.#.##.#.#
####.#..#.#.##^#.#######
...#.......###.#.).gg..#


You could see 3 gnolls and a dart slug (very poisoned).

Vanquished Creatures
  An adder (D:2)
  An adder skeleton (D:2)
  2 bats
  6 endoplasms
  3 giant cockroaches
  4 goblins
  2 hobgoblins
  4 jackals (D:2)
  3 kobolds (D:1)
  3 quokkas (D:1)
  2 ball pythons
  2 frilled lizards (D:2)
  3 rats (D:1)
36 creatures vanquished.

Notes
Turn   | Place    | Note
-------+----------+-------------------------------------------
     0 | D:1      | Strat the Octopode Wanderer began the quest for the Orb.
     0 | D:1      | Strat set off with the following items: a +2 quarterstaff,
                  | a +0 hat; and the following spell memorised: Slow; and the
                  | following spells available to memorise: Tukima's Dance
     0 | D:1      | Reached XP level 1. HP: 13/13 MP: 2/2
   122 | D:1      | Found a faded altar of an unknown god.
   132 | D:1      | Reached XP level 2. HP: 1/19 MP: 3/3
  1218 | D:1      | Reached XP level 3. HP: 25/25 MP: 4/4
  1773 | D:2      | Learned a level 3 spell: Tukima's Dance
  2215 | D:2      | Slain by a gnoll

Illustrated notes

Levels and vault maps discovered:
D:1:      ncdulo_halloftheorcs, layout_basic, nicolae_ecumenical_lake_church
D:2:      layout_basic, serial_shops, shop

Skill      XL: |  1  2  3 |
---------------+----------+-----
Fighting       | 2 3 |  3.6
Staves         | |  3.0
Dodging        | |  2.0
Spellcasting   | |  1.0
Hexes          | |  3.0

Action                   || total
-------------------------++-------
Melee: Quarterstaff      ||    18
       Constrict         ||    18
       Dagger            ||    57
       Tentacles         ||    11
       Punch             ||     2
 Cast: Slow              ||     3
 Stab: Sleeping          ||     6
Armor: Skin              ||     4
Dodge: Dodged            ||    39
